 Dungeon Crawl Stone Soup version 0.28.0-53-g5a82cb258f (webtiles) character file.

Game seed: 16314126255887792194

102 Gabide the Poker (level 5, 0/42 HPs)
             Began as a Human Monk on June 1, 2022.
             Slain by a river rat (5 damage)
             ... on level 3 of the Dungeon.
             The game lasted 00:02:40 (3186 turns).

Gabide the Poker (Human Monk)                       Turns: 3186, Time: 00:02:40

Health: 0/42       AC:  6    Str: 10 (12) XL:     5   Next: 5%
Magic:  5/5        EV:  9    Int:  9 (10) God:
Gold:   118        SH:  0    Dex: 16 (17) Spells: 4/4 levels left

rFire   . . .      SeeInvis +   a - +0 spear
rCold   . . .      Faith    .   (no shield)
rNeg    . . .      Spirit   .   c - +0 scale mail
rPois   .          Reflect  .   (no helmet)
rElec   .          Harm     .   (no cloak)
rCorr   .          Rampage  .   (no gloves)
Will    .....                   (no boots)
Stlth   +.........              (no amulet)
HPRegen 0.14/turn               f - ring of see invisible
MPRegen 0.09/turn               (no ring)

@: no status effects
A: no striking features
a: no special abilities


You were on level 3 of the Dungeon.
You visited 1 branch of the dungeon, and saw 3 of its levels.

You collected 118 gold pieces.

Inventory:

Hand Weapons
 a - a +0 spear (weapon)
Missiles
 p - 7 poisoned darts (quivered)
Armour
 b - a +0 robe
 c - a +0 scale mail (worn)
 i - a +0 leather armour
Jewellery
 f - a ring of see invisible (left hand)
 q - an amulet of magic regeneration
 s - a ring of protection from cold
Scrolls
 d - a scroll of immolation {unknown}
 e - a scroll of amnesia {unknown}
 g - a scroll of summoning {unknown}
 h - 4 scrolls of teleportation {unknown}
 k - a scroll of fear {unknown}
 l - a scroll of magic mapping {unknown}
 o - a scroll of identify {unknown}
 r - a scroll of vulnerability {unknown}
 t - a scroll of noise {unknown}
Potions
 m - a potion of curing {unknown}
 n - a potion of flight {unknown}


   Skills:
 + Level 3.9 Fighting
 + Level 3.9 Polearms
 + Level 3.9 Dodging
 - Level 2.0 Stealth


You had 4 spell levels left.
You didn't know any spells.
Your spell library was empty.

Dungeon Overview and Level Annotations

Branches:
Dungeon (3/15)

Altars:

Shops:
D:1 (   D:2 [


Message History

You barely miss the rat. The rat closely misses you.
You hit the rat.
The rat is moderately wounded.
The rat closely misses you.
You hit the rat but do no damage.
The rat is moderately wounded.
The rat barely misses you.
You closely miss the rat.
The rat is moderately wounded.
You hit the river rat but do no damage. You closely miss the river rat.
The river rat bites you!
You hit the river rat but do no damage.
The river rat bites you but does no damage.
You hit the river rat.
The river rat is lightly wounded.
The river rat barely misses you.
You barely miss the river rat.
The river rat is lightly wounded.
The river rat closely misses you.
You hit the river rat but do no damage.
The river rat is lightly wounded.
The river rat bites you.
* * * LOW HITPOINT WARNING * * *
You hit the river rat.
The river rat is moderately wounded.
The river rat closely misses you.
You hit the river rat but do no damage.
The river rat is moderately wounded.
The river rat closely misses you.
You hit the river rat but do no damage.
The river rat is moderately wounded.
The river rat bites you!
* * * LOW HITPOINT WARNING * * *
You barely miss the river rat.
The river rat is moderately wounded.
It was a potion of degeneration.
There was something very wrong with that liquid.
You feel weakened.
You feel dopey.
You feel clumsy. The river rat bites you.
You die...

#.# #.#.. #.#
#...#
#########.########
#.................
#.################
#.# #.# #.# #@#
#########r#
#.......rr#
#.≈≈......#
#..≈≈.†...#
#≈≈≈≈≈≈.[.#
##+##≈≈..## +≈≈..#
#≈.≈.#


You could see a river rat and 2 rats.

Vanquished Creatures
  4 adders
  2 worms
  2 dart slugs
  2 ball pythons
  7 bats
  5 endoplasms
  4 giant cockroaches
  5 goblins
  6 hobgoblins
  3 kobolds
  A quokka (D:2)
  4 frilled lizards
  9 rats
54 creatures vanquished.

Notes
Turn   | Place    | Note
-------+----------+-------------------------------------------
     0 | D:1      | Gabide the Human Monk began the quest for the Orb.
     0 | D:1      | Reached XP level 1. HP: 18/18 MP: 1/1
    14 | D:1      | Found Qusopnon's Weapon Emporium.
   147 | D:1      | Reached XP level 2. HP: 24/24 MP: 2/2
   393 | D:1      | Found a faded altar of an unknown god.
   439 | D:1      | Reached XP level 3. HP: 29/29 MP: 3/3
  1161 | D:2      | Reached XP level 4. HP: 36/36 MP: 4/4
  1874 | D:2      | Found Yleytiupp's Antique Armour Shoppe.
  2953 | D:3      | Reached XP level 5. HP: 26/42 MP: 5/5
  3186 | D:3      | Slain by a river rat

Illustrated notes

Levels and vault maps discovered:
D:1:      lightli_arrival_maybe_door_vault, layout_rooms,
          hellmonk_ecumenical_altar_leap_of_faith, serial_shops,
          nicolae_shop_temple_entry_statues_fountains
D:2:      layout_basic, serial_shops, nicolae_shop_window_shopping,
          minmay_misc_feat_diagonals, minmay_pentomino_o4
D:3:      layout_loops_ring, portal_sewer_entry_e

Action                   |  1- 3 |  4- 6 || total
-------------------------+-------+-------++-------
Melee: Spear             |   119 |   149 ||   268
       Punch             |     2 |     2 ||     4
  Use: Potion            |       |     1 ||     1
 Stab: Sleeping          |     3 |       ||     3
Armor: Robe              |     6 |       ||     6
       Scale mail        |    11 |    34 ||    45
       Leather armour    |    11 |     1 ||    12
Dodge: Dodged            |    53 |    73 ||   126
